 Dungeon Crawl Stone Soup version 0.18-a0-1123-gbd92598 (webtiles) character file.

116 MrRokkomies the Cudgeler (level 5, 0/55 HPs)
             Began as an Ogre Skald on Jan 19, 2016.
             Slain by Natasha (6 damage)
             ... on level 3 of the Dungeon.
             The game lasted 00:04:41 (2891 turns).

MrRokkomies the Cudgeler (Ogre Skald)               Turns: 2891, Time: 00:04:41

Health: 0/55       AC:  3    Str: 17    XL:     5   Next: 1%
Magic:  8/8        EV:  9    Int: 12    God:
Gold:   128        SH:  0    Dex: 11    Spells: 3 memorised, 2 levels left

rFire  . . .     SeeInvis .     i - +0 flail
rCold  . . .     Gourm    .     b - +0 robe
rNeg   . . .     Faith    .     (no shield)
rPois  .         Spirit   .     (helmet restricted)
rElec  .         Dismiss  .     (no cloak)
rCorr  .         Reflect  .     (gloves unavailable)
SustAt .         Harm     .     (boots unavailable)
MR     .....                    (no amulet)
Stlth  ..........               a - +2 ring of dexterity
                                f - ring of loudness (curse)

@: not resistant to hostile enchantments, extremely unstealthy
A: unfitting armour, tough skin 1
a: no special abilities


You were on level 3 of the Dungeon.
You were hungry.

You visited 1 branch of the dungeon, and saw 3 of its levels.

You collected 128 gold pieces.

Inventory:

Hand Weapons
 i - a +0 flail (weapon)
Missiles
 e - 57 stones (quivered)
Armour
 b - a +0 robe (worn)
Jewellery
 a - a +2 ring of dexterity (right hand)
 f - a cursed ring of loudness (left hand)
Scrolls
 j - 2 scrolls of teleportation
 k - a scroll of identify
Potions
 g - a potion of mutation
 h - a potion of ambrosia
Books
 c - a book of Battle

   Spells                             Type                      Level
   a - Infusion                       Charms                       1
   b - Shroud of Golubria             Charms/Translocation         2
   c - Song of Slaying                Charms                       2
   d - Spectral Weapon                Hexes/Charms                 3
   e - Regeneration                   Charms/Necromancy            3
Comestibles
 d - 3 bread rations
 l - a beef jerky
 n - 3 chunks of flesh


   Skills:
 * Level 4.5 Fighting
 * Level 5.4 Maces & Flails
 - Level 1.3 Dodging
 - Level 2.4 Spellcasting
 - Level 2.1 Charms


You had 2 spell levels left.
You knew the following spells:

 Your Spells              Type           Power        Failure   Level  Hunger
a - Infusion              Chrm           #...         12%         1    ##.....
b - Shroud of Golubria    Chrm/Tloc      #.........   28%         2    ###....
c - Spectral Weapon       Hex/Chrm       #.......     56%         3    ####...


Dungeon Overview and Level Annotations

Branches:
Dungeon (3/15)

Altars:
Qazlal
Ru
Sif Muna
Yredelemnul
The Shining One

Annotations:
D:3 Natasha


Innate Abilities, Weirdness & Mutations

You are too large for most types of armour.
You have tough skin (AC +1).


Message History

It is a wand of frost {zapped: 3}.
You hit Natasha.
Natasha is moderately wounded.
Natasha zaps a wand.
The puff of frost hits you!
You are feeling hungry.
You completely miss Natasha.
Natasha is moderately wounded.
Natasha zaps a wand.
The puff of frost hits you!
* * * LOW HITPOINT WARNING * * *
You barely miss Natasha.
Natasha is moderately wounded.
Natasha zaps a wand.
The puff of frost hits you!
* * * LOW HITPOINT WARNING * * *
You closely miss Natasha.
Natasha is moderately wounded.
Natasha barely misses you.
You thump Natasha!
Natasha is almost dead.
Natasha claws you.
You die...

...........##...#..$..
#####.#.###†.........
#................#
...##.#.###.......# .#
#.#.#####...### #
..........#
###.####.## ###.###
#..h@.# #.#.#.#
...#..... ... #.......
..... ....##...# ##..
##.##. .#.# ##. 8.8 .
. # ... . #


You could see Natasha.

Vanquished Creatures
  Natasha (D:3)
  3 adders
  A worm (D:3)
  2 giant geckos (D:2)
  An orc (D:3)
  A ball python (D:2)
  3 giant cockroaches
  10 goblins
  9 hobgoblins
  7 bats
  6 giant newts
  7 kobolds
  9 rats
60 creatures vanquished.

Notes
Turn   | Place    | Note
--------------------------------------------------------------
     0 | D:1      | MrRokkomies the Ogre Skald began the quest for the Orb.
     0 | D:1      | Reached XP level 1. HP: 22/22 MP: 3/3
    66 | D:1      | Reached skill level 3 in Maces & Flails
   232 | D:1      | Reached XP level 2. HP: 24/31 MP: 5/5
   899 | D:2      | Reached XP level 3. HP: 37/37 MP: 6/6
   918 | D:2      | Reached skill level 4 in Maces & Flails
  1543 | D:2      | Found a sacrificial altar of Ru.
  1625 | D:2      | Found a basalt altar of Yredelemnul.
  1725 | D:2      | Reached XP level 4. HP: 24/48 MP: 7/7
  2290 | D:3      | Noticed Natasha
  2297 | D:3      | Killed Natasha
  2297 | D:3      | Reached skill level 5 in Maces & Flails
  2303 | D:3      | HP: 2/49 [kobold/short sword (2)]
  2680 | D:3      | Found a glowing golden altar of the Shining One.
  2685 | D:3      | Found a stormy altar of Qazlal.
  2689 | D:3      | Found a deep blue altar of Sif Muna.
  2770 | D:3      | Learned a level 2 spell: Shroud of Golubria
  2774 | D:3      | Learned a level 3 spell: Spectral Weapon
  2819 | D:3      | Reached XP level 5. HP: 31/55 MP: 8/8
  2847 | D:3      | Noticed Natasha
  2891 | D:3      | Slain by Natasha

Vault maps used:
D:1:      dpeg_arrival_water_altar
D:2:      forest_paths, nicolae_overflow_hidden_temple, grunt_ministairs_13,
          yredelemnul_altar_generic
D:3:      minmay_overflow_temple_star_quad, grunt_ministairs_8, st_stairs_8,
          kennysheep_another_room, uniq_natasha

Action                   |  1- 3 |  4- 6 || total
-------------------------+-------+-------++-------
Melee: Mace              |   148 |    21 ||   169
       Flail             |       |    37 ||    37
Throw: Stone             |       |     6 ||     6
  Use: Scroll            |     4 |     1 ||     5
  Eat: Chunk             |     3 |     3 ||     6
